Sasquatch vs Carnivores
Created - 25 mars 2013 at 19:16
Goals
|
| Sasquatch |
1 |
1 |
6 |
8 |
| Carnivores |
2 |
0 |
0 |
2 |
|
Shots
|
| Sasquatch |
9 |
3 |
13 |
25 |
| Carnivores |
12 |
9 |
7 |
28 |
|
1st period
1. Carnivores , Michael Grabner 10 (David Van Der Gulik, Jeff Friesen) at 13:22
2. Sasquatch , David Perron 33 (Andrew Cogliano) at 14:31
3. Carnivores , Jeff Friesen 20 (Michael Grabner) at 18:30
Penalties :
David Van Der Gulik (Bre) for Interference (Minor) at 10:58, Ryan Wilson (Gat) for Holding (Minor) at 10:58
2nd period
4. Sasquatch , Steve Bernier 25 (Mark Giordano, Andrew Cogliano) at 6:34 (PP)
Penalties :
Josef Melichar (Bre) for Holding (Minor) at 6:18, Matt Ellison (Gat) for Interference (Minor) at 11:16, Aaron Voros (Gat) for Interference (Minor) at 15:49
3rd period
5. Sasquatch , Andrew Cogliano 21 (Cody Franson, Brian Lee) at 0:12
6. Sasquatch , Jakub Voracek 17 (Kyle Cumiskey, Tomas Kurka) at 5:26
7. Sasquatch , Matt Ellison 17 (Andrew Cogliano) at 8:35 (PP)
8. Sasquatch , Steve Bernier 26 (Andrew Brunette, Tomas Kurka) at 14:55
9. Sasquatch , Steve Bernier 27 (Andrew Cogliano, Mark Giordano) at 16:41
10. Sasquatch , Jakub Voracek 18 (Steve Bernier, Brian Lee) at 16:49
Penalties :
Cal O'Reilly (Bre) for High sticking (Minor) at 3:00, Ryan Wilson (Gat) for Hooking (Minor) at 3:00, Andreas Karlsson (Gat) for Hooking (Minor) at 6:05, Jeremy Welsh (Bre) for Tripping (Minor) at 8:33, Jakub Voracek (Gat) for Interference (Minor) at 9:21
Goalie Stats
Cory Schneider (Gat), 26 saves from 28 shots - (0,929), W, 25-13-3, 60:00 minutes
Steve Mason (Bre), 14 saves from 18 shots - (0,778), L, 6-7-4, 45:26 minutes
Mike Morrison (Bre), 3 saves from 7 shots - (0,429), 14:34 minutes
Players Stats for Sasquatch
Player Name G A P +/- PIM S H SB GA TA FO MP PP MP PK MP
------------------------------------------------------------------------------------
Aaron Voros 0 0 0 0 2 0 1 0 0 0 0/0 10:56 0:00 1:25
Andreas Karlsson 0 0 0 -1 2 1 2 0 0 0 1/3 13:31 0:00 2:29
Andrew Brunette 0 1 1 0 0 2 2 0 0 1 0/0 15:18 0:00 0:26
Andrew Cogliano 1 4 5 4 0 6 3 0 0 1 11/35 22:02 0:18 4:04
Brian Lee 0 2 2 2 0 0 1 1 0 2 0/0 23:56 0:02 0:00
Clayton Stoner 0 0 0 0 0 0 1 1 0 1 0/0 17:37 0:16 4:41
Cody Franson 0 1 1 2 0 1 1 3 1 1 0/0 24:55 0:02 4:41
David Desharnais 0 0 0 0 0 0 2 0 1 0 0/2 11:45 0:00 1:20
David Perron 1 0 1 1 0 1 0 0 0 0 1/1 4:31 0:00 0:00
Jakub Voracek 2 0 2 4 2 2 0 1 0 0 0/1 20:25 0:00 0:00
Kevin Porter 0 0 0 1 0 1 2 0 1 0 2/7 13:09 0:00 0:03
Konstantin Pushkarev 0 0 0 0 0 0 0 0 0 0 0/0 8:45 0:00 0:00
Kyle Cumiskey 0 1 1 1 0 1 1 0 0 1 0/0 18:17 0:00 3:15
Mark Giordano 0 2 2 2 0 1 2 2 0 1 0/0 22:03 0:16 3:15
Matt Ellison 1 0 1 -1 2 1 0 0 0 0 0/0 11:35 0:18 0:00
Ryan Wilson 0 0 0 0 4 1 1 0 0 1 0/0 11:33 0:00 0:00
Steve Bernier 3 1 4 4 0 4 3 1 0 1 0/1 22:12 0:18 4:16
Tomas Kurka 0 2 2 1 0 3 2 0 0 0 0/0 13:40 0:00 1:49
Players Stats for Carnivores
Player Name G A P +/- PIM S H SB GA TA FO MP PP MP PK MP
------------------------------------------------------------------------------------
Andy Miele 0 0 0 0 0 1 0 0 0 0 0/0 16:10 3:22 0:00
Blake Geoffrion 0 0 0 -1 0 2 0 0 0 0 0/0 11:35 0:00 0:00
Bobby Sanguinetti 0 0 0 0 0 0 0 1 0 0 0/0 11:06 0:00 0:00
Brian Strait 0 0 0 0 0 0 0 0 0 0 0/0 0:00 0:00 0:00
Cal O'Reilly 0 0 0 0 2 0 2 0 0 0 4/6 15:03 3:22 0:00
Chris Butler 0 0 0 0 0 0 0 0 1 1 0/0 18:20 3:16 0:00
Chris Lawrence 0 0 0 0 0 0 0 0 0 0 0/0 1:13 0:16 0:00
Christopher DiDomenico 0 0 0 0 0 0 0 0 0 0 0/0 0:00 0:00 0:00
David Schlemko 0 0 0 0 0 0 0 0 0 0 0/0 5:25 0:00 0:00
David Van Der Gulik 0 1 1 0 2 1 2 1 2 0 0/0 12:53 0:16 0:00
Evgeny Dadonov 0 0 0 0 0 0 0 0 0 0 0/0 0:21 0:00 0:00
Jeff Friesen 1 1 2 -2 0 3 1 0 3 0 1/1 21:44 4:18 0:18
Jeff Tambellini 0 0 0 0 0 1 1 0 0 0 0/0 16:10 3:22 0:00
Jeremy Welsh 0 0 0 -1 2 2 1 0 0 0 0/0 8:50 0:00 0:00
Jordie Benn 0 0 0 0 0 0 0 0 0 0 0/0 5:25 0:00 0:00
Josef Melichar 0 0 0 -4 2 1 2 3 1 1 0/0 24:52 4:40 0:02
Keith Aulie 0 0 0 0 0 0 0 0 0 0 0/0 18:20 3:16 0:00
Kyle Wilson 0 0 0 -1 0 1 1 0 0 0 4/6 11:10 0:00 0:00
Manny Malhotra 0 0 0 -3 0 1 4 0 0 0 20/29 19:01 4:18 0:00
Michael Grabner 1 1 2 -2 0 9 2 0 0 0 5/7 21:44 4:18 0:18
Mikael Backlund 0 0 0 -1 0 3 0 0 2 0 1/1 8:51 0:00 0:00
Phil Oreskovic 0 0 0 0 0 0 0 0 0 0 0/0 11:22 0:00 0:16
Ryan Mcdonagh 0 0 0 -4 0 1 1 1 0 1 0/0 25:09 4:40 0:18
Tim Conboy 0 0 0 -1 0 2 0 0 1 0 0/0 10:56 0:16 0:00
3 Stars
1 - Steve Bernier (Gat)
2 - Andrew Cogliano (Gat)
3 - Jakub Voracek (Gat)
Power Play
Sasquatch - 2 on 2 Attempt(s) - 100,00%
Carnivores - 0 on 4 Attempt(s) - 0,00%
Penalty Kill
Sasquatch - 4 on 4 Attempt(s) - 100,00%
- Score 0 goal in Penalty Kill
Carnivores - 0 on 2 Attempt(s) - 0,00%
- Score 0 goal in Penalty Kill
Official
Referees : Leggo Mike and McCauley Wes
Linesman : Derek Nansen and Scott Driscoll
Game Notes
David Perron is injured at 17:11 of 1st period (Bruised Right Leg)
Mike Morrison enters game at 5:26 of 3rd period
Steve Bernier has scored a Hat Trick!
Sasquatch
5 vs 5 Forward
Center Left Wing Right Wing Time % Phy DF OF
1 Andrew Cogliano David Perron Steve Bernier 40 1 2 2
2 Kevin Porter Tomas Kurka Jakub Voracek 30 1 2 2
3 Andreas Karlsson Andrew Brunette Matt Ellison 20 1 2 2
4 David Desharnais Aaron Voros Konstantin Pushkarev 10 1 2 2
5 vs 5 Defense
Defense Defense Time % Phy DF OF
1 Brian Lee Cody Franson 40 1 2 2
2 Mark Giordano Kyle Cumiskey 30 1 2 2
3 Ryan Wilson Clayton Stoner 20 1 2 2
4 Brian Lee Mark Giordano 10 1 2 2
PowerPlay Forward
Center Left Wing Right Wing Time % Phy DF OF
1 Andrew Cogliano David Perron Steve Bernier 60 1 2 2
2 Kevin Porter Tomas Kurka Jakub Voracek 40 1 2 2
PowerPlay Defense
Defense Defense Time % Phy DF OF
1 Brian Lee Cody Franson 60 1 2 2
2 Clayton Stoner Mark Giordano 40 1 2 2
Penalty Kill 4 Players Forward
Center Wing Time % Phy DF OF
1 Andrew Cogliano Steve Bernier 60 1 2 2
2 Andreas Karlsson Tomas Kurka 40 1 2 2
Penalty Kill 4 Players Defense
Defense Defense Time % Phy DF OF
1 Clayton Stoner Cody Franson 60 1 2 2
2 Mark Giordano Kyle Cumiskey 40 1 2 2
Penalty Kill - 3 Players Forward
Forward Time % Phy DF OF
1 Kevin Porter 60 1 2 2
2 Andreas Karlsson 40 1 2 2
Penalty Kill - 3 Players Defense
Defense Defense Time % Phy DF OF
1 Kyle Cumiskey Brian Lee 60 1 2 2
2 Mark Giordano Clayton Stoner 40 1 2 2
4 vs 4 Forward
Center Wing Time % Phy DF OF
1 Andrew Cogliano Steve Bernier 60 1 2 2
2 Kevin Porter David Perron 40 1 2 2
4 vs 4 Defense
Defense Defense Time % Phy DF OF
1 Brian Lee Cody Franson 60 1 2 2
2 Mark Giordano Ryan Wilson 40 1 2 2
Last Minutes Offensive
Center Left Wing Right Wing Defense Defense
Andrew Cogliano David Perron Steve Bernier Cody Franson Brian Lee
Last Minutes Defensive
Center Left Wing Right Wing Defense Defense
Andrew Cogliano Tomas Kurka Steve Bernier Cody Franson Mark Giordano
Goaltenders
Starting : Cory Schneider
Backup : Curtis Sanford
Extra Forwards
Normal : Jakub Voracek, Andrew Brunette, David Desharnais - PP : Matt Ellison, Konstantin Pushkarev - PK : Andrew Cogliano
Extra Defensemen
Normal : Ryan Wilson, Brian Lee, Mark Giordano - PP : Kyle Cumiskey - PK : Kyle Cumiskey, Ryan Wilson
Penalty Shots
David Perron, Andrew Cogliano, Andreas Karlsson, Steve Bernier, Matt Ellison
Carnivores
5 vs 5 Forward
Center Left Wing Right Wing Time % Phy DF OF
1 Manny Malhotra Jeff Friesen Michael Grabner 40 1 2 2
2 Cal O'Reilly Jeff Tambellini Andy Miele 30 1 2 2
3 Kyle Wilson Blake Geoffrion David Van Der Gulik 20 1 2 2
4 Mikael Backlund Jeremy Welsh Tim Conboy 10 1 2 2
5 vs 5 Defense
Defense Defense Time % Phy DF OF
1 Ryan Mcdonagh Josef Melichar 40 1 2 2
2 Chris Butler Keith Aulie 30 1 2 2
3 Bobby Sanguinetti Phil Oreskovic 20 1 2 2
4 David Schlemko Jordie Benn 10 1 2 2
PowerPlay Forward
Center Left Wing Right Wing Time % Phy DF OF
1 Manny Malhotra Jeff Friesen Michael Grabner 60 1 2 2
2 Cal O'Reilly Jeff Tambellini Andy Miele 40 1 2 2
PowerPlay Defense
Defense Defense Time % Phy DF OF
1 Ryan Mcdonagh Josef Melichar 60 1 2 2
2 Chris Butler Keith Aulie 40 1 2 2
Penalty Kill 4 Players Forward
Center Wing Time % Phy DF OF
1 Michael Grabner Jeff Friesen 60 1 2 2
2 Jeff Tambellini Andy Miele 40 1 2 2
Penalty Kill 4 Players Defense
Defense Defense Time % Phy DF OF
1 Ryan Mcdonagh Josef Melichar 60 1 2 2
2 Chris Butler Keith Aulie 40 1 2 2
Penalty Kill - 3 Players Forward
Forward Time % Phy DF OF
1 Michael Grabner 60 1 2 2
2 Jeff Friesen 40 1 2 2
Penalty Kill - 3 Players Defense
Defense Defense Time % Phy DF OF
1 Ryan Mcdonagh Josef Melichar 60 1 2 2
2 Chris Butler Keith Aulie 40 1 2 2
4 vs 4 Forward
Center Wing Time % Phy DF OF
1 Michael Grabner Jeff Friesen 60 1 2 2
2 Jeff Tambellini Andy Miele 40 1 2 2
4 vs 4 Defense
Defense Defense Time % Phy DF OF
1 Ryan Mcdonagh Josef Melichar 60 1 2 2
2 Chris Butler Keith Aulie 40 1 2 2
Last Minutes Offensive
Center Left Wing Right Wing Defense Defense
Manny Malhotra Jeff Friesen Michael Grabner Ryan Mcdonagh Josef Melichar
Last Minutes Defensive
Center Left Wing Right Wing Defense Defense
Manny Malhotra Jeff Friesen Michael Grabner Ryan Mcdonagh Josef Melichar
Goaltenders
Starting : Steve Mason
Backup : Mike Morrison
Extra Forwards
Normal : David Van Der Gulik, Tim Conboy, Blake Geoffrion - PP : David Van Der Gulik, Tim Conboy - PK : Blake Geoffrion
Extra Defensemen
Normal : Bobby Sanguinetti, Phil Oreskovic, David Schlemko - PP : Bobby Sanguinetti - PK : Phil Oreskovic, David Schlemko
Penalty Shots
Michael Grabner, Jeff Friesen, Jeff Tambellini, Andy Miele, David Van Der Gulik
% Time on Ice - Sasquatch
Lines # - Real PCT - Wanted PCT - Time Play
Normal Forward
1 - 35% - 40% - 16:47
2 - 25% - 30% - 11:51
3 - 23% - 20% - 11:01
4 - 17% - 10% - 8:09
Normal Defense
1 - 42% - 40% - 20:02
2 - 32% - 30% - 15:15
3 - 20% - 20% - 9:40
4 - 6% - 10% - 2:51
PP Forward
1 - 100% - 60% - 0:18
2 - 0% - 40% - 0:00
PP Defense
1 - 11% - 60% - 0:02
2 - 89% - 40% - 0:16
PK Forward
1 - 77% - 60% - 6:07
2 - 23% - 40% - 1:49
PK Defense
1 - 59% - 60% - 4:41
2 - 41% - 40% - 3:15
PK3 Forward
1 - 0% - 60%
2 - 0% - 40%
PK3 Defense
1 - 0% - 60%
2 - 0% - 40%
44 Forward
1 - 68% - 60% - 2:43
2 - 32% - 40% - 1:15
44 Defense
1 - 31% - 60% - 1:14
2 - 69% - 40% - 2:44
Last Minute Offensive - 0:00
Last Minute Defensive - 0:00
Total
Forward - 60:00
Defense - 60:00
|
% Time on Ice - Carnivores
Lines # - Real PCT - Wanted PCT - Time Play
Normal Forward
1 - 34% - 40% - 16:05
2 - 24% - 30% - 11:42
3 - 23% - 20% - 11:10
4 - 19% - 10% - 8:51
Normal Defense
1 - 38% - 40% - 18:14
2 - 27% - 30% - 13:03
3 - 23% - 20% - 11:06
4 - 11% - 10% - 5:25
PP Forward
1 - 58% - 60% - 4:34
2 - 42% - 40% - 3:22
PP Defense
1 - 59% - 60% - 4:40
2 - 41% - 40% - 3:16
PK Forward
1 - 100% - 60% - 0:18
2 - 0% - 40% - 0:00
PK Defense
1 - 100% - 60% - 0:18
2 - 0% - 40% - 0:00
PK3 Forward
1 - 0% - 60%
2 - 0% - 40%
PK3 Defense
1 - 0% - 60%
2 - 0% - 40%
44 Forward
1 - 72% - 60% - 2:52
2 - 28% - 40% - 1:06
44 Defense
1 - 49% - 60% - 1:57
2 - 51% - 40% - 2:01
Last Minute Offensive - 0:00
Last Minute Defensive - 0:00
Total
Forward - 60:00
Defense - 60:00
|
Play by Play
1st period
0:01 of 1st period - Andrew Cogliano wins face-off versus Michael Grabner in neutral zone.
0:45 of 1st period - Snap shot by David Van Der Gulik.
0:45 of 1st period - Shot Blocked by Brian Lee.
1:41 of 1st period - Cody Franson is hit by Manny Malhotra and loses puck.
2:42 of 1st period - Wrist shot by Tomas Kurka.
2:42 of 1st period - Shot Misses the Net.
2:50 of 1st period - Wrist shot by Kevin Porter.
2:50 of 1st period - Stopped by Steve Mason with a rebound.
3:00 of 1st period - Snap shot by Jeremy Welsh.
3:00 of 1st period - Stopped by Cory Schneider with a rebound.
3:02 of 1st period - Slapshot by Ryan Mcdonagh.
3:02 of 1st period - Deflect By Brian Lee.
3:02 of 1st period - Stopped by Cory Schneider with a rebound.
3:04 of 1st period - Slapshot by Ryan Mcdonagh.
3:04 of 1st period - Deflect By Tim Conboy.
3:04 of 1st period - Stopped by Cory Schneider with a rebound.
3:14 of 1st period - Slapshot by Brian Lee.
3:14 of 1st period - Shot Misses the Net.
4:42 of 1st period - Wrist shot by Tomas Kurka.
4:42 of 1st period - Stopped by Steve Mason with a rebound.
5:23 of 1st period - Off-side.
5:24 of 1st period - Manny Malhotra wins face-off versus Andrew Cogliano in neutral zone.
5:29 of 1st period - Slapshot by Michael Grabner.
5:29 of 1st period - Stopped by Cory Schneider with a rebound.
5:35 of 1st period - Wrist shot by Steve Bernier.
5:35 of 1st period - Stopped by Steve Mason without a rebound.
5:36 of 1st period - Andrew Cogliano wins face-off versus Manny Malhotra in Carnivores zone.
6:01 of 1st period - Jeff Tambellini is hit by Kyle Cumiskey.
6:29 of 1st period - Snap shot by Blake Geoffrion.
6:29 of 1st period - Shot Misses the Net.
6:55 of 1st period - Manny Malhotra is hit by Steve Bernier.
6:59 of 1st period - Andrew Cogliano is hit by Manny Malhotra and loses puck.
7:14 of 1st period - Snap shot by Steve Bernier.
7:14 of 1st period - Deflect By Andrew Cogliano.
7:14 of 1st period - Stopped by Steve Mason with a rebound.
7:44 of 1st period - David Van Der Gulik is hit by Ryan Wilson and loses puck.
10:05 of 1st period - Icing by Michael Grabner.
10:06 of 1st period - Cal O'Reilly wins face-off versus David Desharnais in Carnivores zone.
10:37 of 1st period - Slapshot by Andreas Karlsson.
10:37 of 1st period - Shot Blocked by Josef Melichar.
10:58 of 1st period - Minor Penalty to David Van Der Gulik for Interference.
10:58 of 1st period - Minor Penalty to Ryan Wilson for Holding.
10:59 of 1st period - Michael Grabner wins face-off versus Andrew Cogliano in neutral zone.
11:16 of 1st period - Michael Grabner is hit by Mark Giordano and loses puck.
12:41 of 1st period - Keith Aulie is hit by Kevin Porter and loses puck.
12:58 of 1st period - Penalty to David Van Der Gulik is over, David Van Der Gulik is back on ice.
12:58 of 1st period - Penalty to Ryan Wilson is over, Ryan Wilson is back on ice.
13:09 of 1st period - David Van Der Gulik is hit by Steve Bernier and loses puck.
13:22 of 1st period - Wrist shot by Michael Grabner.
13:22 of 1st period - Goal by Michael Grabner - Sasquatch : 0 - Carnivores : 1.
13:23 of 1st period - Andreas Karlsson wins face-off versus Cal O'Reilly in neutral zone.
13:48 of 1st period - Mark Giordano is hit by David Van Der Gulik and loses puck.
14:16 of 1st period - Aaron Voros is hit by Jeff Friesen.
14:31 of 1st period - Wrist shot by David Perron.
14:31 of 1st period - Goal by David Perron - Sasquatch : 1 - Carnivores : 1.
14:32 of 1st period - Manny Malhotra wins face-off versus Andrew Cogliano in neutral zone.
14:37 of 1st period - David Perron is hit by Michael Grabner and loses puck.
14:42 of 1st period - Snap shot by Jeff Friesen.
14:42 of 1st period - Stopped by Cory Schneider with a rebound.
14:44 of 1st period - Wrist shot by Michael Grabner.
14:44 of 1st period - Stopped by Cory Schneider with a rebound.
15:07 of 1st period - Ryan Mcdonagh is hit by Andrew Brunette and loses puck.
15:22 of 1st period - Jakub Voracek is hit by Josef Melichar and loses puck.
16:27 of 1st period - Andy Miele is hit by Andrew Brunette and loses puck.
17:09 of 1st period - Wrist shot by David Van Der Gulik.
17:09 of 1st period - Deflect By Blake Geoffrion.
17:09 of 1st period - Shot Misses the Net.
17:09 of 1st period - Puck is out of play.
17:10 of 1st period - David Perron wins face-off versus Cal O'Reilly in Sasquatch zone.
17:10 of 1st period - David Perron is hit by Cal O'Reilly.
17:11 of 1st period - David Perron from Sasquatch is injured at 17:11 of 1st period (Bruised Right Leg).
17:12 of 1st period - Manny Malhotra wins face-off versus Andrew Cogliano in Sasquatch zone.
17:13 of 1st period - Snap shot by Michael Grabner.
17:13 of 1st period - Stopped by Cory Schneider without a rebound.
17:14 of 1st period - Andrew Cogliano wins face-off versus Manny Malhotra in Sasquatch zone.
17:14 of 1st period - Andrew Cogliano is hit by Michael Grabner.
17:22 of 1st period - Snap shot by Steve Bernier.
17:22 of 1st period - Shot Misses the Net.
17:46 of 1st period - Slapshot by David Van Der Gulik.
17:46 of 1st period - Shot Blocked by Steve Bernier.
17:56 of 1st period - Slapshot by Andrew Cogliano.
17:56 of 1st period - Stopped by Steve Mason with a rebound.
18:02 of 1st period - Wrist shot by Andrew Cogliano.
18:02 of 1st period - Shot Misses the Net.
18:04 of 1st period - Snap shot by Mark Giordano.
18:04 of 1st period - Stopped by Steve Mason with a rebound.
18:06 of 1st period - Slapshot by Andrew Cogliano.
18:06 of 1st period - Shot Blocked by Josef Melichar.
18:18 of 1st period - Wrist shot by Andrew Cogliano.
18:18 of 1st period - Shot Misses the Net.
18:20 of 1st period - Slapshot by Kyle Cumiskey.
18:20 of 1st period - Deflect By Andrew Cogliano.
18:20 of 1st period - Shot Misses the Net.
18:20 of 1st period - Puck is out of play.
18:21 of 1st period - Jeff Friesen wins face-off versus Andreas Karlsson in Carnivores zone.
18:30 of 1st period - Snap shot by Jeff Friesen.
18:30 of 1st period - Goal by Jeff Friesen - Sasquatch : 1 - Carnivores : 2.
18:31 of 1st period - Manny Malhotra wins face-off versus Andreas Karlsson in neutral zone.
18:42 of 1st period - Slapshot by Andreas Karlsson.
18:42 of 1st period - Stopped by Steve Mason with a rebound.
18:46 of 1st period - Snap shot by Matt Ellison.
18:46 of 1st period - Deflect By Andrew Brunette.
18:46 of 1st period - Shot Misses the Net.
18:46 of 1st period - Puck is out of play.
18:47 of 1st period - Cal O'Reilly wins face-off versus Andrew Cogliano in Carnivores zone.
19:12 of 1st period - Manny Malhotra is hit by Andreas Karlsson and loses puck.
19:33 of 1st period - Wrist shot by David Van Der Gulik.
19:33 of 1st period - Deflect By Kyle Wilson.
19:33 of 1st period - Stopped by Cory Schneider with a rebound.
19:35 of 1st period - Slapshot by Blake Geoffrion.
19:35 of 1st period - Stopped by Cory Schneider without a rebound.
19:36 of 1st period - Kyle Wilson wins face-off versus David Desharnais in Sasquatch zone.
19:37 of 1st period - Snap shot by David Van Der Gulik.
19:37 of 1st period - Stopped by Cory Schneider without a rebound.
19:38 of 1st period - Kyle Wilson wins face-off versus Andrew Cogliano in Sasquatch zone.
19:47 of 1st period - Snap shot by Andrew Cogliano.
19:47 of 1st period - Shot Blocked by David Van Der Gulik.
19:49 of 1st period - Snap shot by Andrew Cogliano.
19:49 of 1st period - Stopped by Steve Mason with a rebound.
2nd period
0:01 of 2nd period - Manny Malhotra wins face-off versus Jakub Voracek in neutral zone.
0:30 of 2nd period - Wrist shot by Jeff Tambellini.
0:30 of 2nd period - Shot Misses the Net.
0:36 of 2nd period - Andy Miele is hit by Andreas Karlsson and loses puck.
0:59 of 2nd period - Snap shot by David Van Der Gulik.
0:59 of 2nd period - Shot Misses the Net.
1:17 of 2nd period - Slapshot by Mikael Backlund.
1:17 of 2nd period - Stopped by Cory Schneider without a rebound.
1:18 of 2nd period - Manny Malhotra wins face-off versus Andrew Cogliano in Sasquatch zone.
1:19 of 2nd period - Wrist shot by Michael Grabner.
1:19 of 2nd period - Shot Misses the Net.
1:41 of 2nd period - Andreas Karlsson is hit by Jeff Tambellini and loses puck.
2:40 of 2nd period - Manny Malhotra is hit by Andrew Cogliano and loses puck.
3:21 of 2nd period - Slapshot by Mikael Backlund.
3:21 of 2nd period - Stopped by Cory Schneider with a rebound.
3:36 of 2nd period - Wrist shot by Andrew Brunette.
3:36 of 2nd period - Stopped by Steve Mason without a rebound.
3:37 of 2nd period - Kyle Wilson wins face-off versus Andrew Cogliano in Carnivores zone.
3:42 of 2nd period - Snap shot by Andrew Cogliano.
3:42 of 2nd period - Shot Blocked by Josef Melichar.
3:44 of 2nd period - Slapshot by Kyle Cumiskey.
3:44 of 2nd period - Deflect By Jakub Voracek.
3:44 of 2nd period - Shot Misses the Net.
3:44 of 2nd period - Puck is out of play.
3:45 of 2nd period - Michael Grabner wins face-off versus Andrew Cogliano in Carnivores zone.
3:54 of 2nd period - Slapshot by Andrew Cogliano.
3:54 of 2nd period - Stopped by Steve Mason without a rebound.
3:55 of 2nd period - Manny Malhotra wins face-off versus Kevin Porter in Carnivores zone.
4:02 of 2nd period - Snap shot by Jeff Friesen.
4:02 of 2nd period - Shot Misses the Net.
4:10 of 2nd period - Jeff Friesen is hit by Brian Lee and loses puck.
4:46 of 2nd period - Snap shot by Jeff Tambellini.
4:46 of 2nd period - Stopped by Cory Schneider without a rebound.
4:47 of 2nd period - Kevin Porter wins face-off versus Kyle Wilson in Sasquatch zone.
6:08 of 2nd period - Mark Giordano is hit by Jeremy Welsh and loses puck.
6:18 of 2nd period - Minor Penalty to Josef Melichar for Holding.
6:19 of 2nd period - Michael Grabner wins face-off versus Andrew Cogliano in Carnivores zone.
6:32 of 2nd period - Snap shot by Steve Bernier.
6:32 of 2nd period - Shot Misses the Net.
6:34 of 2nd period - Snap shot by Steve Bernier.
6:34 of 2nd period - Goal by Steve Bernier - Sasquatch : 2 - Carnivores : 2.
6:35 of 2nd period - Manny Malhotra wins face-off versus Andrew Cogliano in neutral zone.
7:09 of 2nd period - Slapshot by Jeff Tambellini.
7:09 of 2nd period - Shot Blocked by Cody Franson.
7:19 of 2nd period - Snap shot by Tim Conboy.
7:19 of 2nd period - Stopped by Cory Schneider without a rebound.
7:20 of 2nd period - Mikael Backlund wins face-off versus Kevin Porter in Sasquatch zone.
7:23 of 2nd period - Wrist shot by Mikael Backlund.
7:23 of 2nd period - Shot Misses the Net.
7:25 of 2nd period - Slapshot by Phil Oreskovic.
7:25 of 2nd period - Shot Blocked by Mark Giordano.
7:27 of 2nd period - Snap shot by Bobby Sanguinetti.
7:27 of 2nd period - Deflect By Mikael Backlund.
7:27 of 2nd period - Stopped by Cory Schneider with a rebound.
7:29 of 2nd period - Wrist shot by Mikael Backlund.
7:29 of 2nd period - Shot Misses the Net.
8:25 of 2nd period - Andreas Karlsson is hit by Ryan Mcdonagh and loses puck.
9:06 of 2nd period - Slapshot by Tomas Kurka.
9:06 of 2nd period - Shot Misses the Net.
10:30 of 2nd period - Snap shot by Andy Miele.
10:30 of 2nd period - Stopped by Cory Schneider without a rebound.
10:31 of 2nd period - Cal O'Reilly wins face-off versus Kevin Porter in Sasquatch zone.
10:52 of 2nd period - Jeff Tambellini is hit by David Desharnais and loses puck.
11:16 of 2nd period - Minor Penalty to Matt Ellison for Interference.
11:17 of 2nd period - Andrew Cogliano wins face-off versus Manny Malhotra in Sasquatch zone.
11:42 of 2nd period - Steve Bernier is hit by Cal O'Reilly and loses puck.
13:16 of 2nd period - Penalty to Matt Ellison is over, Matt Ellison is back on ice.
13:38 of 2nd period - Keith Aulie is hit by Mark Giordano and loses puck.
14:17 of 2nd period - Tim Conboy is hit by Steve Bernier and loses puck.
14:28 of 2nd period - Jeff Tambellini is hit by Clayton Stoner and loses puck.
15:35 of 2nd period - Jordie Benn is hit by Tomas Kurka and loses puck.
15:49 of 2nd period - Minor Penalty to Aaron Voros for Interference.
15:50 of 2nd period - Manny Malhotra wins face-off versus Andrew Cogliano in Sasquatch zone.
15:51 of 2nd period - Wrist shot by Michael Grabner.
15:51 of 2nd period - Stopped by Cory Schneider without a rebound.
15:52 of 2nd period - Manny Malhotra wins face-off versus Steve Bernier in Sasquatch zone.
15:55 of 2nd period - Slapshot by Michael Grabner.
15:55 of 2nd period - Shot Hit the Post.
16:01 of 2nd period - Wrist shot by Michael Grabner.
16:01 of 2nd period - Stopped by Cory Schneider with a rebound.
17:49 of 2nd period - Penalty to Aaron Voros is over, Aaron Voros is back on ice.
18:15 of 2nd period - David Van Der Gulik is hit by David Desharnais.
18:35 of 2nd period - Wrist shot by Blake Geoffrion.
18:35 of 2nd period - Deflect By Andreas Karlsson.
18:35 of 2nd period - Stopped by Cory Schneider with a rebound.
19:04 of 2nd period - Michael Grabner is hit by Aaron Voros and loses puck.
3rd period
0:01 of 3rd period - Manny Malhotra wins face-off versus Andrew Cogliano in neutral zone.
0:12 of 3rd period - Snap shot by Andrew Cogliano.
0:12 of 3rd period - Goal by Andrew Cogliano - Sasquatch : 3 - Carnivores : 2.
0:13 of 3rd period - Manny Malhotra wins face-off versus Andrew Cogliano in neutral zone.
0:24 of 3rd period - Jeff Friesen is hit by Andrew Cogliano and loses puck.
1:37 of 3rd period - Steve Bernier is hit by Manny Malhotra and loses puck.
2:02 of 3rd period - Wrist shot by Andy Miele.
2:02 of 3rd period - Shot Blocked by Mark Giordano.
2:16 of 3rd period - Snap shot by Andrew Brunette.
2:16 of 3rd period - Shot Misses the Net.
2:22 of 3rd period - Snap shot by Aaron Voros.
2:22 of 3rd period - Shot Blocked by Ryan Mcdonagh.
2:28 of 3rd period - Kyle Cumiskey is hit by Kyle Wilson and loses puck.
3:00 of 3rd period - Minor Penalty to Cal O'Reilly for High sticking.
3:00 of 3rd period - Minor Penalty to Ryan Wilson for Hooking.
3:01 of 3rd period - Michael Grabner wins face-off versus Andrew Cogliano in neutral zone.
3:03 of 3rd period - Off-side.
3:04 of 3rd period - Michael Grabner wins face-off versus Andrew Cogliano in neutral zone.
3:22 of 3rd period - Jeff Friesen is hit by Andrew Cogliano and loses puck.
3:59 of 3rd period - Jeff Tambellini is hit by Kevin Porter and loses puck.
4:43 of 3rd period - Chris Butler is hit by Cody Franson.
5:00 of 3rd period - Penalty to Cal O'Reilly is over, Cal O'Reilly is back on ice.
5:00 of 3rd period - Penalty to Ryan Wilson is over, Ryan Wilson is back on ice.
5:06 of 3rd period - Slapshot by Cody Franson.
5:06 of 3rd period - Stopped by Steve Mason with a rebound.
5:08 of 3rd period - Snap shot by Matt Ellison.
5:08 of 3rd period - Shot Misses the Net.
5:10 of 3rd period - Snap shot by Andrew Brunette.
5:10 of 3rd period - Stopped by Steve Mason with a rebound.
5:12 of 3rd period - Slapshot by Andrew Brunette.
5:12 of 3rd period - Deflect By Matt Ellison.
5:12 of 3rd period - Shot Misses the Net.
5:12 of 3rd period - Puck is out of play.
5:13 of 3rd period - Kevin Porter wins face-off versus Kyle Wilson in Carnivores zone.
5:22 of 3rd period - Slapshot by Tomas Kurka.
5:22 of 3rd period - Stopped by Steve Mason with a rebound.
5:24 of 3rd period - Backhand shot by Kyle Cumiskey.
5:24 of 3rd period - Stopped by Steve Mason with a rebound.
5:26 of 3rd period - Slapshot by Jakub Voracek.
5:26 of 3rd period - Goal by Jakub Voracek - Sasquatch : 4 - Carnivores : 2.
5:26 of 3rd period - Mike Morrison enters game.
5:27 of 3rd period - Manny Malhotra wins face-off versus Andrew Cogliano in neutral zone.
6:05 of 3rd period - Minor Penalty to Andreas Karlsson for Hooking.
6:06 of 3rd period - Manny Malhotra wins face-off versus Andrew Cogliano in Sasquatch zone.
6:07 of 3rd period - Snap shot by Jeff Friesen.
6:07 of 3rd period - Deflect By Michael Grabner.
6:07 of 3rd period - Shot Misses the Net.
6:07 of 3rd period - Puck is out of play.
6:08 of 3rd period - Manny Malhotra wins face-off versus Andrew Cogliano in Sasquatch zone.
6:11 of 3rd period - Slapshot by Michael Grabner.
6:11 of 3rd period - Shot Blocked by Clayton Stoner.
6:13 of 3rd period - Slapshot by Ryan Mcdonagh.
6:13 of 3rd period - Deflect By Michael Grabner.
6:13 of 3rd period - Stopped by Cory Schneider with a rebound.
6:15 of 3rd period - Snap shot by Jeff Friesen.
6:15 of 3rd period - Stopped by Cory Schneider with a rebound.
6:17 of 3rd period - Snap shot by Manny Malhotra.
6:17 of 3rd period - Stopped by Cory Schneider with a rebound.
6:19 of 3rd period - Wrist shot by Manny Malhotra.
6:19 of 3rd period - Deflect By Jeff Friesen.
6:19 of 3rd period - Shot Misses the Net.
6:19 of 3rd period - Puck is out of play.
6:20 of 3rd period - Andrew Cogliano wins face-off versus Manny Malhotra in Sasquatch zone.
8:05 of 3rd period - Penalty to Andreas Karlsson is over, Andreas Karlsson is back on ice.
8:33 of 3rd period - Minor Penalty to Jeremy Welsh for Tripping.
8:34 of 3rd period - Andrew Cogliano wins face-off versus Michael Grabner in Carnivores zone.
8:35 of 3rd period - Wrist shot by Matt Ellison.
8:35 of 3rd period - Goal by Matt Ellison - Sasquatch : 5 - Carnivores : 2.
8:36 of 3rd period - Andrew Cogliano wins face-off versus Manny Malhotra in neutral zone.
8:38 of 3rd period - Cody Franson is hit by Josef Melichar and loses puck.
9:21 of 3rd period - Minor Penalty to Jakub Voracek for Interference.
9:22 of 3rd period - Manny Malhotra wins face-off versus Andrew Cogliano in Sasquatch zone.
9:29 of 3rd period - Slapshot by Jeff Friesen.
9:29 of 3rd period - Shot Blocked by Cody Franson.
9:31 of 3rd period - Snap shot by Manny Malhotra.
9:31 of 3rd period - Shot Misses the Net.
10:13 of 3rd period - Steve Bernier is hit by Manny Malhotra.
11:21 of 3rd period - Penalty to Jakub Voracek is over, Jakub Voracek is back on ice.
12:04 of 3rd period - Wrist shot by Jeremy Welsh.
12:04 of 3rd period - Stopped by Cory Schneider with a rebound.
12:16 of 3rd period - Kyle Wilson is hit by Tomas Kurka and loses puck.
14:20 of 3rd period - Icing by Andreas Karlsson.
14:21 of 3rd period - Kyle Wilson wins face-off versus Kevin Porter in Sasquatch zone.
14:22 of 3rd period - Wrist shot by David Van Der Gulik.
14:22 of 3rd period - Shot Misses the Net.
14:55 of 3rd period - Snap shot by Steve Bernier.
14:55 of 3rd period - Goal by Steve Bernier - Sasquatch : 6 - Carnivores : 2.
14:56 of 3rd period - Andrew Cogliano wins face-off versus Manny Malhotra in neutral zone.
15:35 of 3rd period - Wrist shot by Andrew Brunette.
15:35 of 3rd period - Shot Misses the Net.
15:45 of 3rd period - Aaron Voros is hit by David Van Der Gulik and loses puck.
16:10 of 3rd period - Backhand shot by Tomas Kurka.
16:10 of 3rd period - Stopped by Mike Morrison with a rebound.
16:12 of 3rd period - Backhand shot by Ryan Wilson.
16:12 of 3rd period - Stopped by Mike Morrison without a rebound.
16:13 of 3rd period - Manny Malhotra wins face-off versus Kevin Porter in Carnivores zone.
16:18 of 3rd period - Slapshot by Josef Melichar.
16:18 of 3rd period - Stopped by Cory Schneider without a rebound.
16:19 of 3rd period - Andrew Cogliano wins face-off versus Manny Malhotra in Sasquatch zone.
16:25 of 3rd period - Icing by Andrew Cogliano.
16:26 of 3rd period - Andrew Cogliano wins face-off versus Manny Malhotra in Sasquatch zone.
16:41 of 3rd period - Snap shot by Steve Bernier.
16:41 of 3rd period - Goal by Steve Bernier - Sasquatch : 7 - Carnivores : 2.
16:42 of 3rd period - Andrew Cogliano wins face-off versus Manny Malhotra in neutral zone.
16:49 of 3rd period - Snap shot by Steve Bernier.
16:49 of 3rd period - Deflect By Jakub Voracek.
16:49 of 3rd period - Goal by Jakub Voracek - Sasquatch : 8 - Carnivores : 2.
16:50 of 3rd period - Manny Malhotra wins face-off versus Andrew Cogliano in neutral zone.
17:30 of 3rd period - Wrist shot by Cal O'Reilly.
17:30 of 3rd period - Shot Misses the Net.
18:03 of 3rd period - Snap shot by Kevin Porter.
18:03 of 3rd period - Shot Blocked by Bobby Sanguinetti.
18:28 of 3rd period - Off-side.
18:29 of 3rd period - Manny Malhotra wins face-off versus Andrew Cogliano in neutral zone.
18:35 of 3rd period - Backhand shot by Michael Grabner.
18:35 of 3rd period - Shot Misses the Net.
18:37 of 3rd period - Snap shot by Michael Grabner.
18:37 of 3rd period - Shot Blocked by Jakub Voracek.
18:39 of 3rd period - Backhand shot by Michael Grabner.
18:39 of 3rd period - Stopped by Cory Schneider without a rebound.
18:40 of 3rd period - Manny Malhotra wins face-off versus Andrew Cogliano in Sasquatch zone.
18:55 of 3rd period - Wrist shot by Andrew Cogliano.
18:55 of 3rd period - Stopped by Mike Morrison with a rebound.
19:14 of 3rd period - Snap shot by Michael Grabner.
19:14 of 3rd period - Shot Blocked by Cody Franson.
19:16 of 3rd period - Snap shot by Jeff Friesen.
19:16 of 3rd period - Shot Hit the Post.
19:18 of 3rd period - Snap shot by Michael Grabner.
19:18 of 3rd period - Shot Misses the Net.
19:20 of 3rd period - Wrist shot by Michael Grabner.
19:20 of 3rd period - Stopped by Cory Schneider without a rebound.
19:21 of 3rd period - Cal O'Reilly wins face-off versus Andrew Cogliano in Sasquatch zone.
19:24 of 3rd period - Wrist shot by Cal O'Reilly.
19:24 of 3rd period - Shot Misses the Net.
Output by the SimonT Hockey Simulator (STHS) for François Prévost -- Original Page W3C XHTML 1.0 Valid